 Dungeon Crawl Stone Soup version 0.28-a0-909-g796cbd3a86 (webtiles) character file.

Game seed: 1275631361629529770

147 siradein the Charlatan (level 5, 0/39 HPs)
             Began as a Demonspawn Artificer on Nov 24, 2021.
             Slain by a jelly (1 damage)
             ... on level 4 of the Dungeon.
             The game lasted 00:05:22 (4411 turns).

siradein the Charlatan (Demonspawn Artificer)       Turns: 4411, Time: 00:05:22

Health: 0/39       AC: -4    Str: 13    XL:     5   Next: 8%
Magic:  5/5        EV: 12    Int: 13    God:
Gold:   107        SH:  0    Dex: 13    Spells: 4/4 levels left

rFire   . . .      SeeInvis .   y - +0 short sword
rCold   . . .      Faith    .   (no shield)
rNeg    . . .      Spirit   .   i - +3 leather armour
rPois   .          Reflect  .   (helmet restricted)
rElec   .          Harm     .   (no cloak)
rCorr   .          Rampage  .   (no gloves)
Will    .....                   (no boots)
Stlth   +.........              (no amulet)
HPRegen 0.13/turn               (no ring)
MPRegen 0.09/turn               (no ring)

@: corroded, studying Long Blades
A: antennae 1, sharp scales 1
a: no special abilities


You were on level 4 of the Dungeon.
You visited 1 branch of the dungeon, and saw 4 of its levels.

You collected 107 gold pieces.

Inventory:

Hand Weapons
 y - a +0 short sword (weapon)
Armour
 i - a +3 leather armour (worn)
Wands
 c - a wand of flame (15)
 d - a wand of charming (14)
Scrolls
 a - 2 scrolls of blinking {unknown}
 b - a scroll of vulnerability {unknown}
 g - a scroll of fog {unknown}
 h - 2 scrolls of amnesia {unknown}
 k - a scroll of silence {unknown}
 l - a scroll of noise {unknown}
 n - 2 scrolls of identify {unknown}
 o - a scroll of torment {unknown}
 r - a scroll of teleportation {unknown}
 s - a scroll of fear {unknown}
 u - 2 scrolls of immolation {unknown}
 v - a scroll of acquirement {unknown}
Potions
 f - a potion of brilliance {unknown}
 j - a potion of haste {unknown}
 m - a potion of cancellation {unknown}
 q - 2 potions of heal wounds {unknown}
 t - a potion of degeneration {unknown}
 w - a potion of curing {unknown}
 x - a potion of berserk rage {unknown}
Miscellaneous
 e - a piece from Xom's chessboard (10/15) (quivered)


   Skills:
 + Level 2.4 Fighting
 + Level 0.1 Long Blades
 - Level 0.7 Maces & Flails
 + Level 2.8 Armour
 + Level 2.1 Dodging
 - Level 0.8 Stealth
 + Level 3.8 Evocations


You had 4 spell levels left.
You didn't know any spells.
Your spell library contained the following spells:

 Spells                   Type           Power      Damage    Failure   Level
 Animate Skeleton         Necr           0%         N/A       36%         1
 Apportation              Tloc           0%         N/A       36%         1
 Summon Small Mammal      Summ           0%         N/A       36%         1


Dungeon Overview and Level Annotations

Branches:
Dungeon (4/15)
 Temple: D:4-7

Altars:

Shops:
D:4 *


Innate Abilities, Weirdness & Mutations

You have a pair of small antennae on your head.
You are partially covered in razor-sharp scales. (AC +1, Slay +1)


Message History

The jelly completely misses you.
You hit the jelly.
Your hands burn!
The jelly is lightly wounded.
The jelly hits you but does no damage.
You hit the jelly.
Your hands burn!
The jelly is lightly wounded.
The jelly jiggles.
The jelly hits you but does no damage.
You hit the jelly. The acid corrodes you!
Your hands burn!
The jelly is moderately wounded.
The jelly hits you but does no damage.
You hit the jelly.
Your hands burn!
The jelly is heavily wounded.
The jelly barely misses you.
You barely miss the jelly.
The jelly is heavily wounded.
The jelly misses you.
You hit the jelly.
Your hands burn!
The jelly is severely wounded.
The jelly closely misses you.
You hit the jelly. The acid corrodes you!
Your hands burn!
The jelly is almost dead.
The jelly barely misses you.
You hit the jelly but do no damage. The acid corrodes you!
Your hands burn!
The jelly is almost dead.
The jelly barely misses you.
You are too injured to fight recklessly!
You are too injured to fight recklessly!
You are too injured to fight recklessly!
You are too injured to fight recklessly!
Non-targeted evoke: piece from Xom's chessboard (11/15)
Press: ? - help, Q - select action, (/) - cycle Dir - look around, f - activate You make a move on Xom's chessboard...
The jelly seems to grow stronger.
The jelly hits you. The acid corrodes you!
You are splashed with acid!
* * * LOW HITPOINT WARNING * * *
You hit the jelly but do no damage.
Your hands burn!
* * * LOW HITPOINT WARNING * * *
The jelly is almost dead.
The jelly hits you.
You die...

## .# .# .# #####
.###########...#######
...........†...'@J...#
.......#####...###...#
######.# #...# #.^.##
######'#####...# #...[#
#....)....##...# #....#
#.........##...####.#.#
#.........#######..∩...
#.........# #.#.##.#
.......##########....#.##


You could see a jelly (strong).

Vanquished Creatures
  An orc priest (D:3)
  3 adders
  3 worms
  A dart slug (D:3)
  5 orcs (D:3)
  4 ball pythons
  4 endoplasms
  2 giant cockroaches (D:3)
  6 hobgoblins
  2 jackals (D:1)
  6 kobolds
  3 quokkas
  7 bats
  A frilled lizard (D:2)
  11 goblins
  5 rats
64 creatures vanquished.

Vanquished Creatures (collateral kills)
  5 goblins (D:3)
5 creatures vanquished.

Vanquished Creatures (others)
  An ogre (D:3)
1 creature vanquished.

Grand Total: 70 creatures vanquished

Notes
Turn   | Place    | Note
-------+----------+-------------------------------------------
     0 | D:1      | siradein the Demonspawn Artificer began the quest for the
                  | Orb.
     0 | D:1      | Reached XP level 1. HP: 15/15 MP: 1/1
   145 | D:1      | Reached skill level 1 in Dodging
   475 | D:1      | Gained mutation: You are partially covered in razor-sharp
                  | scales. (AC +1, Slay +1) [demonic ancestry]
   475 | D:1      | Reached XP level 2. HP: 18/21 MP: 2/2
   668 | D:1      | Found a faded altar of an unknown god.
  1373 | D:1      | Gained mutation: You have a pair of small antennae on your
                  | head. [demonic ancestry]
  1373 | D:1      | Reached XP level 3. HP: 5/27 MP: 3/3
  2721 | D:3      | Reached XP level 4. HP: 33/33 MP: 4/4
  3748 | D:3      | Noticed an ogre
  4151 | D:4      | Reached XP level 5. HP: 24/39 MP: 5/5
  4339 | D:4      | Found Leofaiku's General Store.
  4411 | D:4      | HP: 1/39 [acid (5)]
  4411 | D:4      | Slain by a jelly

Illustrated notes

Levels and vault maps discovered:
D:1:      minmay_arrival_cross, layout_loops_ring,
          hellmonk_ecumenical_altar_heavens_door
D:2:      layout_basic, minmay_misc_feat_tiny, minmay_hexomino_u4
D:3:      layout_basic, minmay_ogre_servants
D:4:      layout_basic, serial_shops, nicolae_shop_crystal

Skill      XL: |  1  2  3  4 |
---------------+-------------+-----
Dodging        | 1 2 |  2.1
Armour         | 2 |  2.8
Fighting       | 2 |  2.4
Long Blades    | |  0.1
Maces & Flails | |  0.7
Stealth        | |  0.8
Evocations     | |  3.8

Action                   |  1- 3 |  4- 6 || total
-------------------------+-------+-------++-------
Melee: Staff             |    83 |       ||    83
       Whip              |    79 |   124 ||   203
       Short sword       |       |    15 ||    15
Evoke: Piece from Xom's  |     5 |     8 ||    13
       Wand              |       |     1 ||     1
 Stab: Sleeping          |     3 |     2 ||     5
       Petrified         |       |    12 ||    12
       Distracted        |       |     1 ||     1
       Petrifying        |       |     1 ||     1
Armor: Leather armour    |    66 |    41 ||   107
Dodge: Dodged            |    93 |    76 ||   169

Table legend: (Time is in decaauts)
 A = Elapsed time spent in this place.
 B = Non-inter-level travel time spent in this place.
 C = Inter-level travel time spent in this place.
 D = Time resting spent in this place.
 E = Time spent auto-exploring this place.
 F = Levels seen in this place.
 G = Mean time per level.
                   A        B        C        D        E       F      G
               +--------+--------+--------+--------+--------+-----+--------+
         Total |   4450 |   4339 |    111 |    598 |   2928 |   4 | 1112.5 |
       Dungeon |   4450 |   4339 |    111 |    598 |   2928 |   4 | 1112.5 |
               +--------+--------+--------+--------+--------+-----+--------+

Top non-repeatable levels by time:
     D:1: 1675 daAuts
     D:3: 1431 daAuts
     D:2: 1064 daAuts
     D:4: 279 daAuts
